 Dungeon Crawl Stone Soup version 0.29.1-2-gbd0b4ee654 (webtiles) character file.

Game seed: 4607956434097426748

61060 warriortoast the Unseen (level 14, -2/69 (70) HPs)
             Began as a Spriggan Enchanter on Nov 22, 2022.
             Was the Champion of Fedhas.
             Killed by divine providence
             ... invoked by an orc high priest
              (15 damage)
             ... on level 2 of the Orcish Mines.
             The game lasted 01:38:56 (35916 turns).

warriortoast the Unseen (Spriggan Enchanter)       Turns: 35916, Time: 01:38:57

HP:   -2/69 (70)    AC:  3    Str:  4    XL:     14   Next: 59%
MP:   19/29         EV: 23    Int: 18    God:    Fedhas [******]
Gold: 2660          SH:  5    Dex: 20    Spells: 14/33 levels left

rFire   + . .      SeeInvis +   a - +1 dagger (venom)
rCold   + + .      Faith    .   (no shield)
rNeg    . . .      Spirit   .   o - +1 robe of the Noxious God {Str-2 Dex+3 Archmagi}
rPois   .          Reflect  +   (helmet restricted)
rElec   .          Harm     .   T - scarf {rC+ rF+}
rCorr   .          Rampage  .   (gloves unavailable)
Will    +++..      Archmagi +   (boots unavailable)
Stlth   ++++++....              s - amulet of reflection
HPRegen 0.21/turn               d - ring of protection from cold
MPRegen 0.21/turn               j - ring of willpower

@: lightly drained, very quick
A: very small, no large weapons, unfitting armour, see invisible, speed 3
a: Renounce Religion, Wall of Briars, Grow Ballistomycete, Overgrow, Grow Oklob


You were on level 2 of the Orcish Mines.
You worshipped Fedhas.
Fedhas was exalted by your worship.
You visited 4 branches of the dungeon, and saw 20 of its levels.
You also visited: Bailey.

You collected 2772 gold pieces.
You spent 112 gold pieces at shops.

Inventory:

Hand Weapons
 a - a +1 dagger of venom (weapon)
 e - a +1 arbalest of flaming
 k - a +2 shortbow of electrocution
 n - a +3 dagger of protection
 p - the +3 long sword of War {vorpal, rF+++ rC- Will- Int+4}
   (You found it on level 12 of the Dungeon)

   It inflicts extra damage upon your enemies.
   Int:       It affects your intelligence (+4).
   rF:        It renders you almost immune to fire.
   rC:        It makes you vulnerable to cold.
   Will:      It decreases your willpower.
Armour
 o - the +1 robe of the Noxious God (worn) {Str-2 Dex+3 Archmagi}
   (You found it on level 2 of the Dungeon)

   Str:       It affects your strength (-2).
   Dex:       It affects your dexterity (+3).
   Archmagi:  It increases the power of your magical spells.
 T - a scarf of resistance (worn)
Jewellery
 d - a ring of protection from cold (left hand)
 g - a ring of protection from cold
 j - a ring of willpower (right hand)
 s - an amulet of reflection (around neck)
 H - a ring of protection from fire
Wands
 q - a wand of iceblast (14)
 v - a wand of charming (5)
 J - a wand of digging (3)
 L - a wand of flame (25)
 Z - a wand of polymorph (5)
Scrolls
 c - a scroll of brand weapon
 i - 5 scrolls of teleportation
 l - 4 scrolls of enchant armour
 m - a scroll of silence
 t - 6 scrolls of blinking
 u - a scroll of fear
 x - 7 scrolls of identify
 y - a scroll of magic mapping
 A - a scroll of summoning
Potions
 b - 5 potions of might
 f - 4 potions of magic
 h - 3 potions of resistance
 r - 13 potions of curing
 w - 2 potions of brilliance
 z - 2 potions of lignification
 B - 2 potions of cancellation
 C - 10 potions of heal wounds
 D - 2 potions of invisibility
 O - 2 potions of berserk rage
 S - 5 potions of haste
 Y - a potion of ambrosia
Miscellaneous
 N - a condenser vane


   Skills:
 + Level 6.7 Fighting
 - Level 10.0 Short Blades
 + Level 13.9 Ranged Weapons
 - Level 8.0 Dodging
 - Level 15.0 Stealth
 - Level 10.0 Spellcasting
 + Level 11.4 Hexes
 - Level 5.0 Translocations
 + Level 8.1 Invocations
 - Level 5.0 Evocations


You had 14 spell levels left.
You knew the following spells:

 Your Spells              Type           Power      Damage    Failure   Level
a - Ensorcelled Hibernat  Hex/Ice        88%        N/A       1%          2
b - Confusing Touch       Hex            66%        N/A       1%          3
c - Tukima's Dance        Hex            66%        N/A       1%          3
d - Dazzling Flash        Conj/Hex       88%        N/A       2%          3
e - Discord               Hex            33%        N/A       99%         8

Your spell library contained the following spells:

 Spells                   Type           Power      Damage    Failure   Level
 Apportation              Tloc           80%        N/A       1%          1
 Portal Projectile        Hex/Tloc       100%       N/A       1%          3
 Beastly Appendage        Tmut           26%        N/A       8%          1
 Necrotise                Necr           52%        1d6       8%          1
 Summon Small Mammal      Summ           52%        N/A       8%          1
 Leda's Liquefaction      Hex/Erth       22%        N/A       8%          4
 Passwall                 Tmut/Erth      10%        N/A       12%         2
 Wereblood                Tmut           13%        N/A       12%         2
 Call Canine Familiar     Summ           13%        N/A       24%         3
 Frozen Ramparts          Ice            26%        1d4       24%         3
 Spider Form              Tmut/Pois      13%        N/A       24%         3
 Swiftness                Air            13%        N/A       24%         3
 Vampiric Draining        Necr           13%        2d6       24%         3
 Iskenderun's Mystic Bla  Conj/Tloc      27%        2d7       28%         4
 Ice Form                 Ice/Tmut       13%        N/A       61%         4
 Summon Ice Beast         Ice/Summ       13%        N/A       61%         4
 Agony                    Necr           13%        N/A       91%         5
 Blade Hands              Tmut           6%         N/A       91%         5
 Conjure Ball Lightning   Conj/Air       6%         3x3d6     100%        6
 Starburst                Conj/Fire      6%         6d4       100%        6
 Disjunction              Tloc           20%        N/A       100%        8


Dungeon Overview and Level Annotations

Branches:
Dungeon (12/15)            Temple (1/1) D:6            Lair (5/5) D:9
 Shoals (0/4) Lair:2       Spider (0/4) Lair:3        Slime (0/5) Lair:5
    Orc (2/2) D:12            Elf (0/3) Orc:2        Bailey (visited)

Altars:
Ashenzari
Cheibriados
Dithmenos
Fedhas
Gozag
Kikubaaqudgha
Makhleb
Nemelex Xobeh
Okawaru
Qazlal
Ru
Sif Muna
Trog
Vehumet
Xom
Yredelemnul
Zin
Jiyva

Shops:
D:4 (   D:11 (   Orc:1 ?   Orc:2 =

Annotations:
Orc:2 3 runed translucent doors, math4jedi's ghost, journeyman MiBe


Innate Abilities, Weirdness & Mutations

You are very small and have problems with some larger weapons.
You are too small for most types of armour.
You have supernaturally acute eyesight. (SInv)
You cover ground extremely quickly. (Speed+++)


Message History

Casting: Confusing Touch (safe; 1% risk of failure)
Confirm with . or Enter, or press ? or * to list all spells.
You feel a surge of power!
Your hands begin to glow red.
You are too injured to fight recklessly!
You are too injured to fight recklessly!
You are too injured to fight recklessly!
You hit the orc priest but do no damage.
The orc priest misses you.
You closely miss the orc priest.
You hit the orc priest but do no damage.
The orc priest appears confused. 2 orc priests come into view.
You see here a +0 ring mail.
An orc and 2 orc priests come into view.
The orc shouts!
The orc priest shouts!
You hear a shout! x3
You see here a +0 dagger.
The orc throws a boomerang.
The boomerang barely misses you.
You see here a warg corpse.
An orc high priest comes into view. It is wielding a +0 trident.
The orc high priest shouts!
The orc throws a boomerang.
The boomerang misses you.
The orc high priest calls down the wrath of Beogh upon you.
Beogh smites you!
* * * LOW HITPOINT WARNING * * *
You see here an orc corpse.
Blink to where?
Press: ? - help, Dir - move target An orc priest comes into view.
It is wielding a +0 flail of protection.
As you read the scroll of blinking, it crumbles to dust.
The orc priest shouts!
You hear a shout!
Casting: Confusing Touch (safe; 1% risk of failure)
Confirm with . or Enter, or press ? or * to list all spells.
Aiming: Ensorcelled Hibernation (safe; 1% risk of failure)
Press: ? - help, Shift-Dir - straight line, f - orc priest
Aim: an orc priest, wielding a +0 flail of protection and wearing a +0 ring mail (chance to affect: 68%)
You feel a surge of power!
The orc priest looks drowsy...
The orc high priest calls down the wrath of Beogh upon you.
Beogh smites you!
You die...
Fedhas appreciates your contribution to the ecosystem.

##.# #...# #.#.# ....##
#.#.#.#### # #.....#.###
##
###########..#......###.
....o..@.....)o†........
...............)...†o...
####..#######.###o###.##
#.. #.# #.# #.# #. # #.#
#o# #. ..) .o# # #.# #.#
#.# #.# #.# #..


You could see an orc high priest and an orc priest (asleep).

Vanquished Creatures
  An orc warlord (D:12)
  The ghost of FizzleBangTC the Thaumaturge, a journeyman MeEE of Kikubaaqudgha (D:11)
  6 hydras
  Erolcha (Orc:1)
  The ghost of ratmagoo the Geomancer, a journeyman GrEE of Vehumet (Lair:3)
  A catoblepas (Lair:5)
  3 boulder beetles
  16 death yaks
  An orc high priest (Orc:2)
  Nergalle (Lair:1)
  A deep elf archer (D:11)
  3 lindwurms
  3 ugly things
  2 orc sorcerers
  A manticore (D:11)
  10 elephants
  A cyclops (D:12)
  6 black mambas
  8 cane toads
  A torpor snail (Lair:4)
  9 komodo dragons
  A tengu conjurer (D:11)
  3 rime drakes
  A freezing wraith (D:11)
  A troll (D:9)
  Grinder (D:5)
  5 polar bears
  4 blink frogs
  A spectral dream sheep (Lair:3)
  4 slime creatures (D:12)
  A dream sheep (Lair:5)
  2 spectral black mambas (Lair:3)
  52 yaks
  A vampire (D:11)
  4 wyverns
  9 wraiths
  2 shadows
  7 basilisks
  A spectral komodo dragon (Lair:3)
  An unseen horror simulacrum (D:8)
  2 steam dragons
  4 acid dragons
  6 wargs
  11 water moccasins
  Duvessa (D:5)
  13 orc warriors
  2 spectral torpor snails (Lair:3)
  3 black bears
  6 ice beasts
  3 ogres
  2 centaurs
  2 wolves (Lair:5)
  A kobold brigand (D:10)
  3 gnoll sergeants
  A necrophage (D:6)
  11 bullfrogs
  2 scorpions
  2 wights (D:6)
  Dowan (D:6)
  8 killer bees
  8 electric eels
  2 howler monkeys (D:8)
  2 wyvern simulacra (D:8)
  2 hounds
  9 jellies
  21 orc priests
  Crazy Yiuf (D:6)
  Terence (D:2)
  A gnoll bouda (D:7)
  3 iguanas (D:5)
  16 orc wizards
  A mummy (D:4)
  8 adders
  16 gnolls
  A shadow imp (D:6)
  3 white imps (D:8)
  5 ufetubi
  2 worms
  3 dart slugs
  60 orcs
  7 ball pythons
  8 bats
  19 endoplasms
  2 giant cockroaches
  6 goblins
  14 hobgoblins
  3 jackals (D:3)
  3 quokkas
  2 frilled lizards (D:1)
  A hobgoblin zombie (D:4)
  13 kobolds
  3 orc zombies (D:4)
  10 rats
518 creatures vanquished.

Vanquished Creatures (collateral kills)
  Erica (D:9)
  A cane toad (Lair:2)
  A dream sheep (Lair:5)
  A warg (Orc:2)
  An orc warrior (Bailey)
  An ogre (Orc:2)
  2 wolves (Lair:5)
  A wight (D:6)
  3 killer bees (D:9)
  6 orc priests
  4 orc wizards
  13 gnolls
  20 orcs
  2 goblins (D:10)
57 creatures vanquished.

Vanquished Creatures (others)
  12 dancing weapons
  An orc wizard (D:10)
  A gnoll (D:8)
  An orc (Orc:1)
  A bush (Lair:4)
  40 fungi
  43 plants
99 creatures vanquished.

Grand Total: 674 creatures vanquished

Notes
Turn   | Place    | Note
-------+----------+-------------------------------------------
     0 | D:1      | warriortoast the Spriggan Enchanter began the quest for the
                  | Orb.
     0 | D:1      | Reached XP level 1. HP: 9/9 MP: 5/5
   111 | D:1      | Reached XP level 2. HP: 12/13 MP: 6/6
   231 | D:1      | Learned a level 2 spell: Ensorcelled Hibernation
  1037 | D:1      | Reached XP level 3. HP: 16/16 MP: 8/8
  1670 | D:2      | Identified the +1 robe of the Noxious God {Str-2 Dex+3
                  | Archmagi}
  1778 | D:2      | Noticed Terence
  1791 | D:2      | Killed Terence
  1792 | D:2      | Reached skill level 5 in Stealth
  1800 | D:2      | Reached XP level 4. HP: 19/21 MP: 10/10
  1958 | D:2      | Found a faded altar of an unknown god.
  2748 | D:3      | Reached XP level 5. HP: 11/24 MP: 11/11
  2969 | D:3      | Learned a level 3 spell: Confusing Touch
  2973 | D:3      | Learned a level 3 spell: Tukima's Dance
  3586 | D:4      | Reached skill level 6 in Stealth
  4049 | D:4      | Found a broken altar of Ashenzari.
  4052 | D:4      | Found a glowing silver altar of Zin.
  4055 | D:4      | Found a bloodstained altar of Trog.
  4058 | D:4      | Found a sparkling altar of Nemelex Xobeh.
  4159 | D:4      | Reached XP level 6. HP: 28/28 MP: 13/13
  4172 | D:4      | Found Iwned's Weapon Boutique.
  4298 | D:5      | Entered Level 5 of the Dungeon
  4298 | D:5      | Found a basalt altar of Yredelemnul.
  4567 | D:5      | Noticed Grinder
  4885 | D:5      | Reached skill level 5 in Hexes
  4909 | D:5      | Killed Grinder
  4910 | D:5      | Reached skill level 5 in Dodging
  4910 | D:5      | Reached XP level 7. HP: 14/32 MP: 8/15
  5124 | D:5      | Reached skill level 7 in Stealth
  5124 | D:5      | Reached skill level 5 in Spellcasting
  5223 | D:5      | Found a sacrificial altar of Ru.
  6024 | D:6      | Found a runed translucent door.
  6025 | D:6      | Noticed Crazy Yiuf
  6054 | D:6      | Found a staircase to the Ecumenical Temple.
  6063 | Temple   | Entered the Ecumenical Temple
  6086 | Temple   | Became a worshipper of Fedhas Madash
  6110 | D:6      | Reached XP level 8. HP: 23/36 MP: 11/17
  6298 | D:6      | Noticed Duvessa
  6298 | D:6      | Noticed Dowan
  6306 | D:6      | Killed Dowan
  6307 | D:6      | Reached skill level 8 in Stealth
  6506 | D:5      | Killed Duvessa
  6924 | D:6      | Reached skill level 5 in Short Blades
  7477 | D:6      | Killed Crazy Yiuf
  7599 | D:7      | Identified the +2 robe "Pokeqom" {rElec rC+ Str-2 Int+3}
  8243 | D:7      | Reached skill level 1 in Ranged Weapons
  8243 | D:7      | Reached skill level 9 in Stealth
  8290 | D:7      | Reached * piety under Fedhas
  9381 | D:7      | Reached XP level 9. HP: 37/39 MP: 0/20
 10043 | D:8      | Noticed a death yak
 10101 | D:8      | Reached skill level 10 in Stealth
 10189 | D:8      | Reached ** piety under Fedhas
 10777 | D:8      | Killed a death yak
 10778 | D:8      | Reached skill level 5 in Ranged Weapons
 10778 | D:8      | Reached skill level 11 in Stealth
 10989 | D:8      | Learned a level 3 spell: Dazzling Flash
 11216 | D:8      | Reached XP level 10. HP: 29/44 MP: 20/23
 11939 | D:9      | Reached *** piety under Fedhas
 12482 | D:9      | Found a staircase to the Lair.
 12771 | D:9      | Noticed Erica
 12783 | D:9      | Killed Erica
 13109 | Lair:1   | Entered Level 1 of the Lair of Beasts
 13296 | D:9      | Reached skill level 10 in Ranged Weapons
 13405 | D:10     | Entered Level 10 of the Dungeon
 13534 | D:10     | Found a flagged portal.
 13552 | Bailey   | Entered a bailey
 13871 | Bailey   | Reached **** piety under Fedhas
 14833 | D:10     | Found a snail-covered altar of Cheibriados.
 15840 | D:9      | Identified 2 scrolls of acquirement
 15840 | D:9      | Acquired a +1 arbalest of flaming
 15841 | D:9      | Acquired 943 gold pieces
 16174 | Lair:1   | Reached XP level 11. HP: 24/47 MP: 21/24
 16701 | Lair:1   | HP: 2/47 [poisoned by a cane toad]
 17044 | Lair:1   | Noticed Nergalle
 17067 | Lair:1   | Killed Nergalle
 17068 | Lair:1   | Reached skill level 1 in Evocations
 17553 | Lair:1   | Reached skill level 1 in Invocations
 17639 | Lair:1   | Reached skill level 1 in Fighting
 17928 | Lair:2   | Noticed a death yak
 17929 | Lair:2   | Noticed a death yak
 18458 | Lair:2   | Noticed a death yak
 18529 | Lair:2   | Noticed a death yak
 18537 | Lair:2   | Noticed a death yak
 18566 | Lair:2   | Killed a death yak
 18680 | Lair:2   | Noticed a death yak
 18763 | Lair:2   | Killed a death yak
 18764 | Lair:2   | Reached skill level 12 in Stealth
 18873 | Lair:2   | Killed a death yak
 18894 | Lair:2   | Killed a death yak
 18927 | Lair:2   | Killed a death yak
 19026 | Lair:2   | Reached XP level 12. HP: 56/56 MP: 25/25
 19060 | Lair:2   | Reached skill level 5 in Evocations
 19383 | Lair:2   | Found a staircase to the Shoals.
 19438 | Lair:2   | Reached ***** piety under Fedhas
 19783 | Lair:2   | Learned a level 8 spell: Discord
 19928 | Lair:2   | Reached skill level 1 in Translocations
 20456 | Lair:2   | Reached skill level 13 in Stealth
 21012 | Lair:3   | Noticed an eight-headed hydra
 21434 | Lair:3   | Found a runed translucent gate.
 21436 | Lair:3   | Found a runed translucent gate.
 21439 | Lair:3   | Found a runed translucent gate.
 21439 | Lair:3   | Noticed ratmagoo's ghost (journeyman GrEE)
 21448 | Lair:3   | Found a hole to the Spider Nest.
 21620 | Lair:3   | Killed an eight-headed hydra
 22703 | Lair:3   | Killed ratmagoo's ghost
 22704 | Lair:3   | Reached skill level 5 in Invocations
 24262 | Lair:3   | Reached XP level 13. HP: 55/63 MP: 20/27
 24332 | Lair:4   | Reached skill level 5 in Translocations
 25700 | Lair:4   | Reached skill level 14 in Stealth
 25758 | Lair:5   | Entered Level 5 of the Lair of Beasts
 26923 | Lair:5   | Reached skill level 5 in Fighting
 26967 | Lair:5   | Found a viscous altar of Jiyva.
 26967 | Lair:5   | Found a staircase to the Slime Pits.
 27940 | Lair:5   | Reached skill level 10 in Spellcasting
 27968 | Lair:5   | Reached skill level 10 in Hexes
 28521 | Lair:5   | Identified the +2 quarterstaff of the Dancing Bear {speed,
                  | Dex+3}
 29749 | D:10     | Reached skill level 15 in Stealth
 29749 | D:10     | Reached XP level 14. HP: 69/69 MP: 20/29
 30731 | D:11     | Found Pouqer's Antique Weapon Emporium.
 31002 | D:11     | Found a runed translucent gate.
 31002 | D:11     | Found a runed translucent gate.
 31003 | D:11     | Found an opulent altar of Gozag.
 31003 | D:11     | Found a runed translucent gate.
 31018 | D:11     | Noticed FizzleBangTC's ghost (journeyman MeEE)
 31600 | D:11     | Reached ****** piety under Fedhas
 31812 | D:11     | Killed FizzleBangTC's ghost
 32196 | D:12     | Found a staircase to the Orcish Mines.
 32215 | D:12     | Identified the +3 long sword of War {vorpal, rF+++ rC-
                  | Will- Int+4}
 33385 | Orc:1    | Entered Level 1 of the Orcish Mines
 33385 | Orc:1    | Found Jowyki's Magic Scroll Boutique.
 33391 | Orc:1    | Noticed an orc warlord
 34054 | D:12     | Killed an orc warlord
 34282 | Orc:1    | Bought a scroll of enchant armour for 112 gold pieces
 34433 | Orc:1    | Noticed Erolcha
 34449 | Orc:1    | Killed Erolcha
 34450 | Orc:1    | Reached skill level 10 in Short Blades
 34518 | Orc:2    | Entered Level 2 of the Orcish Mines
 34520 | Orc:2    | Found Dumemerch's Jewellery Shoppe.
 34576 | Orc:2    | Found a staircase to the Elven Halls.
 35337 | Orc:2    | Found a runed translucent gate.
 35573 | Orc:2    | Found a runed translucent gate.
 35573 | Orc:2    | Found an iron altar of Okawaru.
 35573 | Orc:2    | Found a runed translucent gate.
 35573 | Orc:2    | Noticed math4jedi's ghost (journeyman MiBe)
 35573 | Orc:2    | Noticed an orc warlord
 35916 | Orc:2    | Killed from afar by an orc high priest

Illustrated notes

Levels and vault maps discovered:
D:1:      dpeg_arrival_connections, layout_basic
D:2:      minmay_wonky_spiral, layout_basic,
          hellmonk_ecumenical_altar_arch_garden, kennysheep_nondescript,
          grunt_ministairs_2, uniq_terence
D:3:      layout_loops_ring, corexii_item_surrounded_by_moat
D:4:      layout_rooms, grunt_temple_overflow_cloverleaf, serial_shops,
          nicolae_shop_bloodbath_and_beyond, minmay_mini_ossuary
D:5:      layout_loops_ring, mainiacjoe_overflow_tiny_flanked,
          lemuel_doored_altar, uniq_grinder
D:6:      layout_basic, minmay_temple_entry_overgrown, uniq_duvessa,
          uniq_crazy_yiuf_cottage
D:7:      layout_loops_corners
D:8:      layout_rooms, serial_ice, serial_ice_n, serial_ice_b, serial_ice_l,
          serial_ice_f, corexii_hall_statues_s
D:9:      layout_rooms, david_lair_generic, uniq_erica
D:10:     layout_basic, slow_altar_2, enter_bailey_4
D:11:     nicolae_cairo_tiling_large, layout_loops_ring, serial_shops, shop,
          ebering_ghost_gozag
D:12:     layout_rooms, david_orc_2, minmay_misc_feat_rugged,
          due_unseen_surprise
Temple:   eino_wide_crystal_templ
Lair:1:   layout_chaotic_city, serial_bayou_shore_a, infiniplex_staircase_pool,
          uniq_nergalle
Lair:2:   layout_small_grid, elwin_shoals_entry_rocks, lemuel_fruit_tree,
          serial_bayou_shore_b
Lair:3:   layout_cave_shapes, spider_nest_entry_web_field,
          gammafunk_ghost_necromancy
Lair:4:   lemuel_slime, layout_hall_layers, guppyfry_lair_drakes
Lair:5:   hangedman_lair_in_review, layout_small_grid,
          minmay_slime_entry_pillars
Orc:1:    layout_caves, serial_shops, shop_fountains, uniq_erolcha
Orc:2:    st_orc_town, layout_caves, gammafunk_ghost_fury_of_okawaru,
          minmay_shop_enchanted_jewellery, statue_in_the_mist_lemuel

Skill      XL: |  1  2  3  4  5  6  7  8  9 10 11 12 13 14 |
---------------+-------------------------------------------+-----
Dodging        | 3 4 5 6 7 8 |  8.0
Spellcasting   | 3 4 5 6 8 9 10 | 10.0
Hexes          | 4 5 6 7 8 10 11 | 11.4
Short Blades   | 2 3 4 5 6 7 9 10 | 10.0
Stealth        | 5 6 7 9 11 12 13 15 | 15.0
Ranged Weapons | 2 6 11 12 13 | 13.9
Evocations     | 4 5 |  5.0
Invocations    | 3 5 6 8 |  8.1
Fighting       | 3 4 5 6 |  6.7
Translocations | 4 5 |  5.0

Action                   |  1- 3 |  4- 6 |  7- 9 | 10-12 | 13-15 || total
-------------------------+-------+-------+-------+-------+-------++-------
Melee: Dagger            |   124 |   191 |   303 |   368 |   247 ||  1233
       Punch             |     4 |     1 |     9 |     3 |     4 ||    21
 Fire: Shortbow          |       |       |    18 |    20 |       ||    38
       Arbalest          |       |       |       |   403 |   517 ||   920
 Cast: Ensorcelled Hiber |     1 |     4 |     5 |    36 |    39 ||    85
       Confusing Touch   |       |     2 |    48 |    49 |    42 ||   141
       Tukima's Dance    |       |       |    34 |    27 |    46 ||   107
       Dazzling Flash    |       |       |       |     1 |       ||     1
Invok: Wall of Briars    |       |       |       |     2 |     5 ||     7
       Grow Oklob        |       |       |       |       |     1 ||     1
Evoke: Wand              |       |       |     6 |     2 |     1 ||     9
  Use: Potion            |       |       |     1 |     1 |     3 ||     5
       Scroll            |       |       |     3 |    27 |     2 ||    32
 Stab: Sleeping          |    14 |    20 |    12 |    27 |    30 ||   103
       Distracted        |       |     1 |       |     1 |       ||     2
       Confused          |       |     2 |    30 |    36 |    34 ||   102
       Invisible         |       |       |     3 |     2 |       ||     5
Armor: Robe              |    20 |    14 |    24 |    37 |    19 ||   114
Dodge: Dodged            |    83 |   139 |   251 |   329 |   192 ||   994
Block: Other             |       |       |       |    30 |    41 ||    71
       Reflection        |       |       |       |     1 |     3 ||     4
